Map: Ever Dream LE

Players

BratOK (Brat_OK) - Winner!

  • Race: Terran Terran
  • League: Grandmaster
  • Spawn Location: 1:00

HeroMarine

  • Race: Terran Terran
  • League: Master
  • Spawn Location: 7:00

Event: DreamHack SC2 Masters 2020 Summer Europe

VOD

Have the link to the VOD?

Description

Time

  • Played on: June 27, 2020, 1:18 p.m.
  • Length: 4:12

All games in this series

Show
View Real Time Build Order
Export as new Build Order

BratOK Terran - Winner!

Build Orders: 1/1/1 

Get SALT Encoding   

  12  0:00  SCV  
  13  0:12  SCV  
  14  0:17  Supply Depot  
  14  0:25  SCV  
  15  0:29  Refinery  
  15  0:41  Barracks  
  15  0:45  SCV  
  16  0:54  Refinery  
  16  0:57  SCV  
  17  1:09  SCV  
  18  1:28  Orbital Command  
  18  1:29  Factory  
  18  1:32  Barracks Tech Lab  
  18  1:43  Supply Depot  
  18  1:54  SCV  
  19  1:57  Barracks Reactor  
  19  2:06  SCV  
  20  2:14  Starport  
  20  2:19  Siege Tank  
  24  2:22  SCV  
  24  2:32  Supply Depot  
  24  2:34  Marine  
  24  2:35  Marine  
  26  2:38  SCV  
  27  2:51  Siege Tank  
  27  2:57  Viking  
  32  2:58  Marine  
  32  3:03  Marine  
  34  3:08  Supply Depot  
  34  3:11  SCV  
  35  3:23  Siege Tank  
  35  3:24  Marine  
  39  3:29  Marine  
  38  3:44  Marine  
  38  3:47  Marine  
  44  4:05  Supply Depot  
Show
View Real Time Build Order
Export as new Build Order

HeroMarine Terran 

Build Orders: Gas First Reaper Expand, Hellion Opening 

Get SALT Encoding   

  12  0:00  SCV  
  13  0:12  SCV  
  14  0:18  Supply Depot  
  14  0:25  SCV  
  15  0:28  Refinery  
  15  0:40  SCV  
  16  0:43  Barracks  
  16  0:52  SCV  
  17  1:04  SCV  
  18  1:16  SCV  
  19  1:30  Orbital Command, Reaper  
  20  1:41  Command Center  
  20  1:52  Factory  
  20  1:55  SCV  
  21  2:07  Barracks Reactor  
  21  2:08  SCV  
  22  2:12  Refinery, Supply Depot  
  22  2:20  SCV  
  23  2:33  SCV  
  24  2:41  Starport  
  24  2:45  SCV  
  24  2:46  Hellion  
  24  2:47  Hellion  
  29  2:53  Orbital Command  
  29  2:56  Barracks Tech Lab  
  29  2:57  SCV  
  30  3:08  Hellion x2  
  30  3:10  SCV  
  36  3:20  SCV  
  36  3:22  SCV  
  39  3:28  Supply Depot  
  39  3:29  Hellion  
  41  3:34  Refinery  
  41  3:35  Hellion  
  41  3:40  Viking  
  41  3:41  Marine  
  43  3:42  SCV  
  43  3:44  SCV  
Tags
 
Add a new tag
Caveats
  • Supply blocks, unpowered buildings, or Contaminate may cause inaccurate times.
  • Supply counts are checked every 10 seconds.